 Dungeon Crawl Stone Soup version 0.26-a0-651-gb41185065b (webtiles) character file.

Game seed: 6945636840043385984

2816 kae the Grappler (level 9, -1/70 HPs)
             Began as a Naga Transmuter on Oct 29, 2020.
             Was a Believer of Cheibriados.
             Slain by a killer bee (3 damage)
             ... on level 7 of the Dungeon.
             The game lasted 00:09:37 (11729 turns).

kae the Grappler (Naga Transmuter)                 Turns: 11729, Time: 00:09:38

Health: -1/70      AC:  7    Str: 19    XL:     9   Next: 72%
Magic:  10/12      EV: 10    Int: 18    God:    Cheibriados [**....]
Gold:   460        SH:  0    Dex: 16    Spells: 3/12 levels left

rFire    . . .     SeeInvis +     - Unarmed
rCold    . . .     Faith    .   (shield currently unavailable)
rNeg     . . .     Spirit   .   a - +0 robe
rPois    +         Reflect  .   (no helmet)
rElec    .         Harm     .   e - +2 cloak
rCorr    .         Rampage  .   (gloves currently unavailable)
MR       ++...                  (no barding)
Stlth    +.........             (no amulet)
HPRegen  0.21/turn              g - ring of protection from magic
MPRegen  0.13/turn              (no ring)

@: blade hands, very slow
A: large, see invisible, deformed body, poison resistance, slowness 2, spit
poison 1, AC +3
a: Spit Poison, End Transformation, Bend Time, Renounce Religion


You were on level 7 of the Dungeon.
You worshipped Cheibriados.
Cheibriados was pleased with you.
You had blades for hands.
You visited 1 branch of the dungeon, and saw 7 of its levels.

You collected 460 gold pieces.

Inventory:

Armour
 a - a +0 robe (worn)
 e - a +2 cloak (worn)
Jewellery
 g - a ring of protection from magic (left scythe-like blade)
 o - an uncursed amulet of magic regeneration
 p - an uncursed ring of resist corrosion {unknown}
Scrolls
 f - 2 scrolls of immolation
 h - 2 scrolls of blinking
 i - a scroll of magic mapping
 j - 3 scrolls of teleportation
 k - 6 scrolls of identify
 m - a scroll of enchant weapon
 q - a scroll of fear {unknown}
Potions
 b - a potion of ambrosia
 c - 5 potions of curing
 d - a potion of magic {unknown}
 l - 4 potions of brilliance
 n - a potion of lignification
 r - a potion of berserk rage
 s - a potion of flight {unknown}


   Skills:
 - Level 1.0 Fighting
 - Level 1.5 Dodging
 + Level 9.7 Unarmed Combat
 - Level 2.0 Spellcasting
 + Level 9.5 Transmutations


You had 3 spell levels left.
You knew the following spells:

 Your Spells              Type           Power        Failure   Level
a - Beastly Appendage     Tmut           #####.       11%         1
b - Spider Form           Tmut/Pois      ###.......   41%         3
c - Blade Hands           Tmut           #####.....   45%         5

Your spell library contained the following spells:

 Spells                   Type           Power        Failure   Level
 Wereblood                Tmut           #####...     12%         2
 Shock                    Conj/Air       #...         61%         1
 Swiftness                Air            #.......     69%         2
 Static Discharge         Conj/Air       #.......     86%         3
 Ice Form                 Ice/Tmut       ###.....     69%         4
 Airstrike                Air            #.........   99%         4
 Lightning Bolt           Conj/Air       #.........   100%        5


Dungeon Overview and Level Annotations

Branches:
Dungeon (7/15)             Temple (0/1) D:5

Altars:
Cheibriados
Fedhas
Kikubaaqudgha
Zin

Annotations:
D:2 Terence


Innate Abilities, Weirdness & Mutations

You cannot wear boots.
Your serpentine skin is tough. (AC +3)
You have supernaturally acute eyesight. (SInv)
Armour fits poorly on your strangely shaped body.
Your system is resistant to poisons. (rPois)
You cover ground very slowly.
You can spit poison.


Message History

The killer bee is lightly wounded.
The killer bee barely misses you. x2
You slash the killer bee!
The killer bee is almost dead.
The killer bee stings you.
* * * LOW HITPOINT WARNING * * *
The killer bee closely misses you.
You feel better. The killer bee stings you.
* * * LOW HITPOINT WARNING * * *
The killer bee misses you. The killer bee completely misses you.
The killer bee stings you.
* * * LOW HITPOINT WARNING * * *
You shred the killer bee!!!
You kill the killer bee!
Cheibriados thoroughly appreciates the change of pace.
The killer bee misses you. x2
You slash the killer bee!
The killer bee is severely wounded.
The killer bee stings you.
You die...

...........##.#.###.# ##
#####.####.......##.# .#
#.####.[#.#..##.# ..#
#...............# ...#
.....####.).......###...##
.....####......#..........
............##............
....#####..####..)..!..y.
. #...y@†.##.......
##.###### .#y..#y #.# .#
..# ###### #.# .# .# .....
..# .# # ..####.##. ### ..
..).....(. ## ..####....
..####.# #


You could see a killer bee.

Vanquished Creatures
  Maggie (D:7)
  2 ice beasts (D:5)
  A black bear (D:6)
  A hornet zombie (D:6)
  An orc warrior (D:6)
  7 centaurs
  A crocodile (D:6)
  4 big kobolds (D:3)
  2 bullfrogs (D:6)
  A scorpion (D:4)
  4 killer bees (D:7)
  A centaur zombie (D:6)
  3 orc priests
  2 hounds
  An iguana (D:5)
  5 orc wizards
  3 worker ants
  A killer bee zombie (D:6)
  A hound skeleton (D:4)
  12 adders
  8 gnolls (D:3)
  A shadow imp (D:5)
  3 white imps (D:5)
  5 ufetubi
  3 oozes
  An adder skeleton (D:5)
  5 worms
  A dart slug (D:1)
  5 leopard geckos
  17 orcs
  7 giant cockroaches
  40 goblins
  24 hobgoblins
  4 jackals (D:6)
  10 kobolds
  2 quokkas
  3 ball pythons
  10 bats
  9 frilled lizards
  6 rats
218 creatures vanquished.

Vanquished Creatures (others)
  2 plants (D:2)
  4 toadstools (D:1)
6 creatures vanquished.

Grand Total: 224 creatures vanquished

Notes
Turn   | Place    | Note
-------+----------+-------------------------------------------
     0 | D:1      | kae the Naga Transmuter began the quest for the Orb.
     0 | D:1      | Reached XP level 1. HP: 18/18 MP: 3/3
   184 | D:1      | Reached XP level 2. HP: 18/25 MP: 5/5
   751 | D:1      | Found a snail-covered altar of Cheibriados.
  1081 | D:1      | Reached XP level 3. HP: 30/31 MP: 4/6
  2053 | D:2      | Reached XP level 4. HP: 22/38 MP: 5/7
  2075 | D:2      | Learned a level 3 spell: Spider Form
  2699 | D:2      | Reached XP level 5. HP: 41/44 MP: 6/8
  2887 | D:2      | You fall into a shaft and drop 1 floor!
  4019 | D:2      | Noticed Terence
  4204 | D:3      | Found a snail-covered altar of Cheibriados.
  4666 | D:3      | Reached skill level 5 in Unarmed Combat
  4911 | D:3      | Reached XP level 6. HP: 50/51 MP: 7/9
  5453 | D:3      | Reached skill level 5 in Transmutations
  5867 | D:3      | Found a glowing silver altar of Zin.
  5922 | D:3      | Reached XP level 7. HP: 49/57 MP: 6/10
  6689 | D:4      | Found a blossoming altar of Fedhas.
  6880 | D:4      | Reached XP level 8. HP: 19/64 MP: 6/11
  7361 | D:5      | Entered Level 5 of the Dungeon
  8660 | D:5      | Found a staircase to the Ecumenical Temple.
  9066 | D:3      | Became a worshipper of Cheibriados the Contemplative
  9543 | D:6      | Reached XP level 9. HP: 52/70 MP: 6/12
  9849 | D:6      | Reached * piety under Cheibriados
 10660 | D:6      | Found an ancient bone altar of Kikubaaqudgha.
 10956 | D:6      | Learned a level 5 spell: Blade Hands
 11602 | D:7      | Noticed Maggie
 11617 | D:7      | Killed Maggie
 11617 | D:7      | Reached ** piety under Cheibriados
 11726 | D:7      | HP: 2/70 [killer bee (3)]
 11729 | D:7      | Slain by a killer bee

Illustrated notes

Levels and vault maps discovered:
D:1:      ldierk_walled_garden_2, layout_basic, cheibriados_altar_1
D:2:      layout_loops_corners, serial_forest, infiniplex_forest_corner_1,
          infiniplex_forest_lined_corner, infiniplex_forest_lined_3,
          infiniplex_forest_clump_small, minmay_puff, uniq_terence
D:3:      minmay_goblin_kobold_castle, layout_loops_ring, zin_treasury,
          old_standard_altar, hangedman_decor_clover_reticule, st_stairs_4,
          minmay_cupped
D:4:      layout_cave_pools, lemuel_doored_altar, serial_column_ruins,
          column_ruins_corridor_straight, column_ruins_grid_3,
          column_ruins_columns_straight, nrook_mini_backslash
D:5:      layout_basic, minmay_temple_entry_fiery
D:6:      layout_basic, lemuel_round_altar
D:7:      layout_loops_cross, uniq_maggie

Skill      XL: |  1  2  3  4  5  6  7  8  9 |
---------------+----------------------------+-----
Transmutations | 3 4 5 6 8 9 |  9.5
Unarmed Combat | 4 5 6 8 9 |  9.7
Fighting       | |  1.0
Dodging        | |  1.5
Spellcasting   | |  2.0

Action                   |  1- 3 |  4- 6 |  7- 9 || total
-------------------------+-------+-------+-------++-------
Melee: Unarmed           |   127 |   281 |   273 ||   681
       Headbutt          |     9 |    12 |     1 ||    22
       Punch             |     3 |     4 |     4 ||    11
 Cast: Beastly Appendage |    24 |    33 |     3 ||    60
       Spider Form       |       |    13 |    44 ||    57
       Blade Hands       |       |       |     4 ||     4
 Abil: Spit Poison       |     9 |     3 |     7 ||    19
  Use: Scroll            |     3 |     7 |     6 ||    16
       Potion            |     1 |     2 |     2 ||     5
 Stab: Invisible         |       |     2 |       ||     2
       Sleeping          |       |       |     2 ||     2
Armor: Robe              |    51 |    49 |    32 ||   132
       Skin              |       |     8 |     6 ||    14
Dodge: Dodged            |    77 |   224 |   260 ||   561

Table legend: (Time is in decaauts)
 A = Elapsed time spent in this place.
 B = Non-inter-level travel time spent in this place.
 C = Inter-level travel time spent in this place.
 D = Time resting spent in this place.
 E = Time spent auto-exploring this place.
 F = Levels seen in this place.
 G = Mean time per level.
                   A        B        C        D        E       F      G
               +--------+--------+--------+--------+--------+-----+--------+
         Total |  13883 |  13412 |    471 |    927 |  10774 |   7 | 1983.3 |
       Dungeon |  13883 |  13412 |    471 |    927 |  10774 |   7 | 1983.3 |
               +--------+--------+--------+--------+--------+-----+--------+

Top non-repeatable levels by time:
     D:3: 3039 daAuts
     D:6: 3000 daAuts
     D:2: 2461 daAuts
     D:5: 2049 daAuts
     D:1: 1917 daAuts
     D:4: 1071 daAuts
     D:7: 344 daAuts
